 Dungeon Crawl Stone Soup version 0.29-a0-91-gdebf4667c2 (webtiles) character file.

Game seed: 14109659477416878474

3137 lordive the Destroyer (level 9, 0/52 HPs)
             Began as a Gargoyle Conjurer on Feb 7, 2022.
             Was a Priest of Vehumet.
             Slain by a yak (6 damage)
             ... on level 7 of the Dungeon.
             The game lasted 00:19:45 (10696 turns).

lordive the Destroyer (Gargoyle Conjurer)          Turns: 10696, Time: 00:19:48

Health: 0/52       AC: 21    Str:  7 (10) XL:     9   Next: 92%
Magic:  1/18       EV: 16    Int: 21 (24) God:    Vehumet [***...]
Gold:   376        SH:  0    Dex:  6 (8)  Spells: 16/20 levels left

rFire   + . .      SeeInvis .   l - +1 morningstar
rCold   + + .      Faith    .   (no shield)
rNeg    + + +      Spirit   .   z - +0 steam dragon scales
rPois   ∞          Reflect  .   (no helmet)
rElec   +          Harm     .   d - +0 cloak
rCorr   +          Rampage  .   (no gloves)
Will    .....                   o - +5 pair of boots of Shielding {Drain rN++}
Stlth   ++........              (no amulet)
HPRegen 0.17/turn               j - +4 ring of evasion
MPRegen 0.16/turn               (no ring)

@: resistant, spiked, hasted, very quick
A: sickness immunity, AC +6, negative energy resistance 1, electricity
resistance, torment resistance 1, petrification resistance, cold resistance 1,
shaggy fur 2, noise suppression
a: Renounce Religion


You were on level 7 of the Dungeon.
You worshipped Vehumet.
Vehumet was most pleased with you.
You visited 2 branches of the dungeon, and saw 8 of its levels.
You also visited: Sewer.

You collected 376 gold pieces.

Inventory:

Hand Weapons
 l - a +1 morningstar (weapon)
Missiles
 B - a curare-tipped dart
 E - 19 poisoned darts
Armour
 a - a +0 robe
 d - a +0 cloak (worn)
 o - the +5 pair of boots of Shielding (worn) {Drain rN++}
   (You found it on level 3 of the Dungeon)

   rN:        It greatly protects you from negative energy.
   Drain:     It drains your maximum health when unequipped.
 z - +0 steam dragon scales (worn)
Jewellery
 j - a +4 ring of evasion (left hand)
 s - an amulet of reflection
Wands
 y - a wand of polymorph (10)
Scrolls
 b - 3 scrolls of identify {unknown}
 c - a scroll of enchant weapon
 f - 2 scrolls of fear {unknown}
 g - 2 scrolls of noise {unknown}
 h - a scroll of fog {unknown}
 m - 2 scrolls of magic mapping {unknown}
 n - 5 scrolls of teleportation {unknown}
 t - 2 scrolls of enchant armour {unknown}
 w - a scroll of immolation {unknown}
 x - 2 scrolls of blinking {unknown}
 C - a scroll of brand weapon {unknown}
 D - a scroll of vulnerability {unknown}
Potions
 e - a potion of might {unknown}
 i - 4 potions of haste
 k - 2 potions of degeneration
 p - a potion of invisibility {unknown}
 q - a potion of mutation
 r - a potion of resistance
 u - 2 potions of curing {unknown}
 v - a potion of brilliance {unknown}
 A - 3 potions of magic {unknown}
 F - 2 potions of experience {unknown}
 G - a potion of berserk rage {unknown}
 H - a potion of flight {unknown}
 I - a potion of lignification {unknown}


   Skills:
 * Level 3.9 Fighting
 * Level 4.0 Armour
 * Level 3.9 Dodging
 + Level 4.6 Stealth
 * Level 4.0 Shields
 + Level 6.1 Spellcasting
 + Level 8.2 Conjurations
 * Level 3.4 Fire Magic
 * Level 3.8 Earth Magic


You had 16 spell levels left.
You knew the following spells:

 Your Spells              Type           Power      Damage    Failure   Level
a - Magic Dart            Conj           100%       1d8       1%          1
b - Searing Ray           Conj           80%        2d7       1%          2
c - Sandblast             Erth           44%        2d11      1%          1

Your spell library contained the following spells:

 Spells                   Type           Power      Damage    Failure   Level
 Static Discharge         Conj/Air       23%        N/A       1%          2
 Dazzling Flash           Conj/Hex       46%        N/A       1%          3
 Fulminant Prism          Conj/Hex       11%        3d9       5%          4
 Iskenderun's Mystic Bla  Conj/Tloc      23%        2d6       5%          4
 Lightning Bolt           Conj/Air       11%        1d24      13%         5
 Airstrike                Air            3%         N/A       24%         4
 Summon Lightning Spire   Summ/Air       6%         N/A       67%         4


Dungeon Overview and Level Annotations

Branches:
Dungeon (7/15)             Temple (1/1) D:5           Sewer (visited)

Altars:
Cheibriados
Dithmenos
Fedhas
Gozag
Hepliaklqana
Kikubaaqudgha
Makhleb
Nemelex Xobeh
Okawaru
Qazlal
Sif Muna
Trog
Uskayaw
Vehumet
Xom
The Shining One
Lugonu

Shops:
D:4 (


Innate Abilities, Weirdness & Mutations

You are immune to sickness and miasma.
Your stone body is resilient. (AC +6)
You are immune to poison.
You resist negative energy. (rN+)
You are resistant to electric shocks. (rElec)
You are resistant to unholy torment.
You are immune to petrification.
Your flesh is cold resistant. (rC+)
You are covered in thick fur. (AC +2)
You passively dampen the noise of your surroundings.


Message History

The manticore is heavily wounded.
The searing ray hits the yak.
The yak is lightly wounded.
The manticore flicks its tail.
The volley of spikes misses you.
The kobold zaps a wand.
You hear a grinding noise.
The searing ray hits the yak.
The yak is lightly wounded.
The searing ray misses the manticore.
The searing ray hits the yak.
The yak is lightly wounded.
The searing ray hits the centaur zombie!
The centaur zombie is moderately damaged.
You finish channelling your searing ray.
The yak gores you. The yak closely misses you.
Unknown command.
It was a potion of haste.
You feel yourself speed up.
As you read the scroll labelled BAETTUANATE, it crumbles to dust.
It is a scroll of enchant weapon.
Your +0 morningstar glows red for a moment.
The yak gores you but does no damage.
You hear a zap.
Some rock shatters into small pieces.
The yak gores you but does no damage.
It was a potion of degeneration.
There was something very wrong with that liquid.
You feel weakened.
You feel dopey.
You feel clumsy. The yak misses you. The yak gores you!
* * * LOW HITPOINT WARNING * * *
It was a potion of mutation.
You feel extremely strange.
You feel resistant to cold. Fur sprouts all over your body.
You feel your surroundings grow quieter.
Your fur grows into a thick mane.
The yak gores you.
* * * LOW HITPOINT WARNING * * *
It was a potion of resistance.
You feel protected. The yak gores you.
* * * LOW HITPOINT WARNING * * *
The manticore barely misses you. x2; The manticore closely misses you.
The yak gores you.
You die...

...§ #.# .....
####### #.#
..... #.....#
#.# K§≈...
#.....######.##
KK≈(..###
#.......[...#..
≈≈≈≈≈.))###
#.....######.##
.o≈.o....K.
#.....# #.##
Y§≈§.
#...H#####.###
#.##


YY.. #..ZY@Y....# #... o.Y ####.#YY##..#### #### .. #.....Y........# .
####.#.#...)##.# #.##.#...##.######## #)# # #............# #.# #.......####.#
#.# ####.##.# #.# #.. #.##.# #.# You could see a manticore, 5 yaks, an orc
wizard (wandering), a centaur zombie and a kobold.

Vanquished Creatures
  Prince Ribbit (D:6)
  A wyvern (D:7)
  A steam dragon (D:6)
  A water moccasin (D:6)
  An orc warrior (D:7)
  A sky beast (D:6)
  2 black bears
  An ice beast (D:7)
  3 ogres
  A phantom (D:6)
  A kobold brigand (Sewer)
  Blork the orc (D:6)
  A gnoll sergeant (D:7)
  3 scorpions
  A water moccasin skeleton (D:5)
  4 wights (D:6)
  3 bullfrog zombies
  2 centaur zombies
  2 centaur skeletons (D:7)
  3 jellies
  A gnoll shaman (D:6)
  4 hounds
  3 orc priests
  A bullfrog skeleton (D:5)
  An iguana (D:6)
  2 orc wizards
  A killer bee zombie (D:7)
  A hound skeleton (D:4)
  8 gnolls
  3 howler monkey skeletons
  16 adders
  9 river rats (Sewer)
  3 worms
  10 dart slugs
  14 orcs
  12 ball pythons
  4 bats
  8 endoplasms
  4 giant cockroaches
  11 goblins
  12 hobgoblins
  4 jackals
  24 kobolds
  8 quokkas
  5 frilled lizards
  28 rats
231 creatures vanquished.

Vanquished Creatures (others)
  12 fungi (D:6)
  22 plants (D:1)
34 creatures vanquished.

Grand Total: 265 creatures vanquished

Notes
Turn   | Place    | Note
-------+----------+-------------------------------------------
     0 | D:1      | lordive the Gargoyle Conjurer began the quest for the Orb.
     0 | D:1      | Reached XP level 1. HP: 10/10 MP: 3/3
   437 | D:1      | Reached XP level 2. HP: 12/15 MP: 0/5
   749 | D:1      | Found a faded altar of an unknown god.
  1054 | D:1      | Reached XP level 3. HP: 19/19 MP: 0/6
  1117 | D:1      | Reached skill level 5 in Conjurations
  1726 | D:1      | Learned a level 2 spell: Searing Ray
  1930 | D:2      | Reached XP level 4. HP: 24/24 MP: 2/7
  2835 | D:3      | Reached XP level 5. HP: 28/28 MP: 4/9
  3605 | D:3      | Found an opulent altar of Gozag.
  3972 | D:3      | Reached skill level 6 in Conjurations
  3972 | D:3      | Reached XP level 6. HP: 32/32 MP: 5/11
  4494 | D:3      | Identified the +5 pair of boots of Shielding {Drain rN++}
  4947 | D:4      | Found Miorydgh's Weapon Boutique.
  5326 | D:4      | Found a hazy altar of Hepliaklqana.
  5394 | D:4      | Reached XP level 7. HP: 37/37 MP: 5/13
  5735 | D:4      | Found an iron altar of Okawaru.
  5992 | D:5      | Entered Level 5 of the Dungeon
  6058 | D:5      | Found a staircase to the Ecumenical Temple.
  6074 | D:5      | Reached skill level 1 in Fighting
  6074 | D:5      | Reached skill level 1 in Armour
  6148 | Temple   | Entered the Ecumenical Temple
  6241 | D:5      | Reached skill level 1 in Earth Magic
  6272 | D:5      | Noticed a +0 dagger
  6272 | D:5      | Noticed a +0 dagger
  6273 | D:5      | Found a hide-covered altar of Uskayaw.
  6508 | D:5      | Identified the +1 pair of boots "Wesuni" {Str+4 Int+6}
  6516 | D:5      | Reached skill level 1 in Shields
  6748 | D:6      | Noticed a steam dragon
  6748 | D:6      | Found a radiant altar of Vehumet.
  6762 | D:6      | Killed a steam dragon
  6763 | D:6      | Reached skill level 1 in Fire Magic
  6763 | D:6      | Reached XP level 8. HP: 35/43 MP: 0/15
  6884 | D:6      | Became a worshipper of Vehumet
  6920 | D:6      | Reached skill level 7 in Conjurations
  7174 | D:6      | Found a glowing drain.
  7179 | D:6      | Reached skill level 5 in Spellcasting
  7196 | Sewer    | Entered a sewer
  7555 | Sewer    | Reached * piety under Vehumet
  7555 | Sewer    | Offered knowledge of Sandblast by Vehumet.
  7564 | Sewer    | Learned a level 1 spell: Sandblast
  8181 | Sewer    | Offered knowledge of Foxfire by Vehumet.
  8182 | Sewer    | Reached ** piety under Vehumet
  8730 | D:6      | Reached XP level 9. HP: 49/49 MP: 12/17
  8898 | D:6      | Found a stormy altar of Qazlal.
  9238 | D:6      | Found a shimmering altar of Xom.
  9239 | D:6      | Noticed Prince Ribbit
  9246 | D:6      | Killed Prince Ribbit
  9547 | D:6      | Noticed Blork the orc
  9553 | D:6      | Killed Blork the orc
  9836 | D:6      | Offered knowledge of Static Discharge by Vehumet.
  9977 | D:6      | Found a blossoming altar of Fedhas.
 10260 | D:7      | Reached skill level 8 in Conjurations
 10660 | D:7      | Reached *** piety under Vehumet
 10675 | D:7      | Noticed a manticore
 10695 | D:7      | Gained mutation: Your flesh is cold resistant. (rC+)
                  | [potion of mutation]
 10695 | D:7      | Gained mutation: You are covered in fur. (AC +1) [potion of
                  | mutation]
 10695 | D:7      | Gained mutation: You passively dampen the noise of your
                  | surroundings. [potion of mutation]
 10695 | D:7      | Gained mutation: You are covered in thick fur. (AC +2)
                  | [potion of mutation]
 10696 | D:7      | Slain by a yak

Illustrated notes

Levels and vault maps discovered:
D:1:      lightli_arrival_farm, layout_loops_ring,
          shapermc_ecumenical_altar_ellora
D:2:      layout_loops_ring
D:3:      kennysheep_slugbush, layout_basic, lemuel_round_altar
D:4:      layout_cave_pools, okawaru_altar_gauntlet_db,
          mainiacjoe_overflow_paths, serial_shops, nicolae_shop_crystal
D:5:      layout_basic, dancing_weapons_uskayaw,
          minmay_temple_entry_stoned_glass
D:6:      layout_loops_ring, fedhas_altar_fruit_tree,
          mainiacjoe_overflow_concentric_impassable,
          mainiacjoe_overflow_chevrons, lemuel_round_altar,
          portal_sewer_entry_a, serial_aquarium, aquarium_bridge_long_separate
          [aquarium_subvault_bridge, aquarium_subvault_bridge,
          aquarium_subvault_window, aquarium_subvault_bridge,
          aquarium_subvault_wall, aquarium_subvault_bridge],
          aquarium_window_corridor_1, aquarium_window_1, aquarium_window_corner,
          aquarium_window_1, aquarium_view_2c, aquarium_pool_1,
          solitary_fountain, minmay_holes, uniq_blork_the_orc,
          uniq_prince_ribbit1
D:7:      layout_loops_ring, grunt_potential
Temple:   corrupted_temple

Skill      XL: |  1  2  3  4  5  6  7  8  9 |
---------------+----------------------------+-----
Conjurations   | 5 6 7 8 |  8.2
Stealth        | 3 4 |  4.6
Spellcasting   | 3 4 5 6 |  6.1
Dodging        | 2 3 |  3.9
Fighting       | 1 2 3 |  3.9
Armour         | 1 2 4 |  4.0
Earth Magic    | 1 2 3 |  3.8
Shields        | 1 2 4 |  4.0
Fire Magic     | 1 2 3 |  3.4

Action                   |  1- 3 |  4- 6 |  7- 9 || total
-------------------------+-------+-------+-------++-------
Melee: Unarmed           |    11 |       |       ||    11
 Cast: Magic Dart        |    66 |   114 |   143 ||   323
       Searing Ray       |     3 |    17 |    74 ||    94
  Use: Potion            |       |       |     4 ||     4
       Scroll            |       |       |     1 ||     1
Armor: Robe              |    14 |    13 |     9 ||    36
       Steam dragon scal |       |       |    47 ||    47
Dodge: Dodged            |    33 |    21 |   107 ||   161

Table legend: (Time is in decaauts)
 A = Elapsed time spent in this place.
 B = Non-inter-level travel time spent in this place.
 C = Inter-level travel time spent in this place.
 D = Time resting spent in this place.
 E = Time spent auto-exploring this place.
 F = Levels seen in this place.
 G = Mean time per level.
                   A        B        C        D        E       F      G
               +--------+--------+--------+--------+--------+-----+--------+
         Total |  10733 |  10537 |    196 |    772 |   8223 |   9 | 1192.6 |
       Dungeon |   9316 |   9132 |    184 |    772 |   7090 |   7 | 1330.9 |
        Temple |     74 |     62 |     12 |      0 |     55 |   1 |   74.0 |
         Sewer |   1342 |   1342 |      0 |      0 |   1078 |   1 | 1342.0 |
               +--------+--------+--------+--------+--------+-----+--------+

Top non-repeatable levels by time:
     D:1: 1885 daAuts
     D:6: 1859 daAuts
     D:3: 1520 daAuts
     D:2: 1497 daAuts
   Sewer: 1342 daAuts
     D:4: 1109 daAuts
     D:5: 777 daAuts
     D:7: 667 daAuts
  Temple: 74 daAuts
